 Dungeon Crawl Stone Soup version 0.28-a0-21-gf74fda84f9 (webtiles) character file.

Game seed: 8668408119119620182

121 Spectrina the Magician (level 5, -6/38 HPs)
             Began as a Djinni Warper on July 26, 2021.
             Splashed by a jelly's acid (9 damage)
             ... on level 5 of the Dungeon.
             The game lasted 00:08:22 (1396 turns).

Spectrina the Magician (Djinni Warper)              Turns: 1396, Time: 00:08:23

Health: -6/38      AC:  4    Str: 10    XL:     5   Next: 26%
Gold:   188        EV: 11    Int: 15    God:
                   SH:  0    Dex: 13

rFire   + + .      SeeInvis +   a - +0 mace
rCold   x . .      Faith    .   (no shield)
rNeg    . . .      Spirit   .   b - +0 leather armour
rPois   ∞          Reflect  .   (no helmet)
rElec   .          Harm     .   o - +0 cloak
rCorr   .          Rampage  .   (no gloves)
Will    .....                   (boots unavailable)
Stlth   +.........              (no amulet)
HPRegen 0.12/turn               e - ring of see invisible
MPRegen 0.00/turn               (no ring)

@: flying
A: sickness immunity, fire resistance 2, cold vulnerability 1, float, innate
caster, hp casting, extra vitality 1
a: no special abilities


You were on level 5 of the Dungeon.
You visited 1 branch of the dungeon, and saw 5 of its levels.

You collected 188 gold pieces.

Inventory:

Hand Weapons
 a - a +0 mace (weapon)
Missiles
 d - 5 boomerangs of dispersal
 k - 17 sling bullets
 l - 27 stones
 p - 13 bolts
 q - 6 atropa-tipped darts
 r - 4 boomerangs (quivered)
Armour
 b - a +0 leather armour (worn)
 o - a +0 cloak (worn)
Jewellery
 e - a ring of see invisible (left hand)
Scrolls
 c - a scroll of blinking
 f - a scroll of noise {unknown}
 g - a scroll of enchant armour {unknown}
 h - 2 scrolls of identify {unknown}
 i - a scroll of teleportation {unknown}
Potions
 j - 3 potions of flight {unknown}
 m - a potion of haste
 n - a potion of heal wounds {unknown}


   Skills:
 - Level 2.0 Fighting
 - Level 2.6 Maces & Flails
 - Level 0.7 Throwing
 - Level 1.0 Armour
 - Level 2.1 Dodging
 + Level 3.8 Spellcasting


You couldn't memorise any spells.
You knew the following spells:

 Your Spells              Type           Power      Damage    Failure   Level
a - Freeze                Ice            56%        1d7       5%          1
b - Blink                 Tloc           N/A        N/A       8%          2
d - Teleport Other        Tloc           14%        N/A       16%         3
i - Passwall              Tmut/Erth      11%        N/A       8%          2
l - Lesser Beckoning      Tloc           7%         N/A       16%         3
p - Manifold Assault      Tloc           14%        N/A       82%         5
q - Gell's Gravitas       Tloc           7%         N/A       16%         3
Your spell library was empty.

Dungeon Overview and Level Annotations

Branches:
Dungeon (5/15)
 Temple: D:4-7

Altars:
Kikubaaqudgha


Innate Abilities, Weirdness & Mutations

You are immune to sickness and miasma.
You are immune to poison.
Your flesh is very heat resistant. (rF++)
You are vulnerable to cold. (rC-)
You float through the air rather than walking.
You learn spells naturally, not from books.
Your magical power is your life essence.
You have superior vitality. (+4 HP)


Message History

You throw a boomerang.
The boomerang hits the jelly but does no damage.
Unknown command.
Casting: Freeze (safe; 5% risk of failure)
Confirm with . or Enter, or press ? or * to list all spells.
Aiming: Freeze (safe; 5% risk of failure)
Press: ? - help, Shift-Dir - straight line, f/p - jelly
Aim: a jelly You freeze the jelly.
The jelly is moderately wounded.
The jelly hits you but does no damage.
Casting: Freeze (safe; 5% risk of failure)
Confirm with . or Enter, or press ? or * to list all spells.
Aiming: Freeze (safe; 5% risk of failure)
Press: ? - help, Shift-Dir - straight line, f/p - jelly
Aim: a jelly (moderately wounded)
You freeze the jelly.
The jelly is heavily wounded.
The jelly hits you.
You are splashed with acid!
Casting: Freeze (safe; 5% risk of failure)
Confirm with . or Enter, or press ? or * to list all spells.
Aiming: Freeze (safe; 5% risk of failure)
Press: ? - help, Shift-Dir - straight line, f/p - jelly
Aim: a jelly (heavily wounded)
You freeze the jelly.
The jelly is severely wounded.
The jelly hits you.
You are splashed with acid!
* * * LOW HITPOINT WARNING * * *
Casting: Freeze (safe; 5% risk of failure)
Confirm with . or Enter, or press ? or * to list all spells.
Aiming: Freeze (safe; 5% risk of failure)
Press: ? - help, Shift-Dir - straight line, f/p - jelly
Aim: a jelly (severely wounded)
You freeze the jelly.
The jelly is almost dead.
* * * LOW HITPOINT WARNING * * *
The jelly hits you.
* * * LOW HITPOINT WARNING * * *
You are splashed with acid!
You die...

## . .# .# #.. #..#
.# .... ..
###..###.#..# #.#
#.###......# #..
#..####@J##...
.###.##..............
...........###.......
.....................
##.......##........
###........#......
#<..#..###......
#.....##..# #.....
#...........#


You could see a jelly.

Vanquished Creatures
  A bullfrog (D:4)
  3 worms
  9 orcs
  3 ball pythons
  3 bats
  An endoplasm (D:1)
  4 goblins
  6 hobgoblins
  2 quokkas (D:3)
  2 frilled lizards (D:3)
  2 kobolds (D:3)
  5 rats
41 creatures vanquished.

Notes
Turn   | Place    | Note
-------+----------+-------------------------------------------
     0 | D:1      | Spectrina the Djinni Warper began the quest for the Orb.
     0 | D:1      | Reached XP level 1. HP: 18/18 MP: 0/0
   110 | D:1      | Reached XP level 2. HP: 10/23 MP: 0/0
   577 | D:3      | Reached XP level 3. HP: 25/28 MP: 0/0
   577 | D:3      | Learned a level 1 spell: Freeze
   726 | D:4      | Noticed a scorpion
   832 | D:4      | Noticed a bullfrog
   844 | D:4      | Killed a bullfrog
   845 | D:4      | Reached skill level 3 in Spellcasting
   845 | D:4      | Reached XP level 4. HP: 6/33 MP: 0/0
  1122 | D:3      | Reached XP level 5. HP: 28/38 MP: 0/0
  1122 | D:3      | Learned a level 2 spell: Passwall
  1384 | D:5      | Entered Level 5 of the Dungeon
  1396 | D:5      | Splashed by a jelly's acid

Illustrated notes

Levels and vault maps discovered:
D:1:      lordsloth_arrival_two_stooges, layout_loops_cross, chequers_avenue
D:2:      wander_river, layout_loops_cross, dk_noncrumbling_3
D:3:      layout_basic, kiku_gazebo_garden_becter,
          minmay_misc_feat_secret_circle
D:4:      layout_rooms, lemuel_round_altar, hex_large
D:5:      layout_rooms, makhleb_heckhound_becter,
          gammafunk_temple_overflow_pools, minmay_temple_entry_trees,
          grunt_decor_clamped, minmay_misc_feat_more_columns,
          chequers_serial_rivers_micro_d

Skill      XL: |  1  2  3 |
---------------+----------+-----
Maces & Flails | 2 |  2.6
Spellcasting   | 3 |  3.8
Fighting       | |  2.0
Throwing       | |  0.7
Armour         | |  1.0
Dodging        | |  2.1

Action                   |  1- 3 |  4- 6 || total
-------------------------+-------+-------++-------
Melee: Mace              |    47 |    18 ||    65
Throw: Boomerang         |       |     1 ||     1
 Cast: Freeze            |    10 |    29 ||    39
Armor: Leather armour    |    18 |    15 ||    33
Dodge: Dodged            |    39 |    21 ||    60

Table legend: (Time is in decaauts)
 A = Elapsed time spent in this place.
 B = Non-inter-level travel time spent in this place.
 C = Inter-level travel time spent in this place.
 D = Time resting spent in this place.
 E = Time spent auto-exploring this place.
 F = Levels seen in this place.
 G = Mean time per level.
                   A        B        C        D        E       F      G
               +--------+--------+--------+--------+--------+-----+--------+
         Total |   1418 |   1317 |    101 |      0 |      0 |   5 |  283.6 |
       Dungeon |   1418 |   1317 |    101 |      0 |      0 |   5 |  283.6 |
               +--------+--------+--------+--------+--------+-----+--------+

Top non-repeatable levels by time:
     D:3: 649 daAuts
     D:1: 439 daAuts
     D:2: 167 daAuts
     D:4: 150 daAuts
     D:5: 12 daAuts
